 Dungeon Crawl Stone Soup version 0.19-a0-1187-g948eaf9 (webtiles) character file.

257239 Sphara the Ducker (level 1, 20/20 HPs)
             Began as a Deep Dwarf Monk on Aug 24, 2016.
             Was a Priest of Trog.
             Escaped with the Orb!
             The game lasted 01:18:50 (13712 turns).

Sphara the Ducker (Deep Dwarf Monk)                Turns: 13712, Time: 01:18:51

Health: 20/20      AC: 12    Str: 14    XL:     1   Next: 0%
Magic:  0/0        EV: 12    Int:  8    God:    Trog [***...]
Gold:   712        SH:  0    Dex: 15    Spells: 0 memorised, 0 levels left

rFire  + . .     SeeInvis .     D - +2 flail (venom)
rCold  . . .     Gourm    .     h - +0 ring mail
rNeg   . . .     Faith    +     (no shield)
rPois  +         Spirit   .     t - +0 helmet
rElec  .         Dismiss  .     (no cloak)
rCorr  .         Reflect  .     n - +2 pair of gloves
SustAt .         Harm     .     (no boots)
MR     .....                    G - amulet of faith
Stlth  +.........               x - +3 ring of protection
                                E - ring of poison resistance

@: non-regenerating
A: damage resistance, recharge devices, dopey 1, fire resistance 1, sense
surroundings 1, slow regeneration 3
a: Device Recharging, Berserk, Trog's Hand, Burn Spellbooks, Renounce Religion
0: Orb of Zot


You escaped.
You worshipped Trog.
Trog was most pleased with you.
You were completely stuffed.

You visited 3 branches of the dungeon, and saw 25 of its levels.
You also visited: Ice Cave.

You collected 775 gold pieces.
You spent 63 gold pieces at shops.

Inventory:

Hand Weapons
 a - a +1 whip of flaming
 i - a +5 flail of crushing
 w - the +1 rapier "Tozo" {freeze, rF+ Dex+4}
   (You acquired it on level 15 of the Dungeon)

   It has been specially enchanted to freeze those struck by it, causing extra
   injury to most foes and up to half again as much damage against particularly
   susceptible opponents.
   It can also slow down cold-blooded creatures.
   It affects your dexterity (+4).
   It protects you from fire.
 y - a +1 whip of electrocution
 D - a +2 flail of venom (weapon)
Missiles
 J - 8 steel javelins (quivered)
Armour
 h - a +0 ring mail (worn)
 n - a +2 pair of gloves (worn)
 t - a +0 helmet (worn)
Rods
 C - a +0 iron rod (13/13)
   (You found it on level 1 of the Depths)
Jewellery
 e - an uncursed ring of protection from cold
 j - an uncursed ring of fire
 r - an uncursed ring of see invisible
 x - a +3 ring of protection (right hand)
 z - an uncursed ring of protection from magic
 E - a ring of poison resistance (left hand)
 G - an amulet of faith (around neck)
Wands
 c - a wand of heal wounds (3/9)
 B - a wand of iceblast (7/15)
Scrolls
 f - a scroll of blinking
 g - a scroll of teleportation
 o - 2 scrolls of remove curse
Potions
 b - 2 potions of brilliance
 p - 3 potions of curing
 q - 2 potions of lignification
 s - 3 potions of invisibility
 v - 2 potions of magic
 F - a potion of heal wounds {unknown}
 H - a potion of berserk rage
 I - 2 potions of flight {unknown}
Books
 k - a book of Cantrips

   Spells                             Type                      Level
   a - Confusing Touch                Hexes                        1
   b - Animate Skeleton               Necromancy                   1
   c - Summon Small Mammal            Summoning                    1
   d - Apportation                    Translocation                1
   Trog disapproves of the use of such an item.
 u - a Grand Grimoire

   Spells                             Type                      Level
   a - Monstrous Menagerie            Summoning                    7
   b - Summon Greater Demon           Summoning                    7
   c - Malign Gateway                 Summoning/Translocation      7
   d - Summon Horrible Things         Summoning                    8
   Trog disapproves of the use of such an item.
Comestibles
 d - 7 bread rations
 l - 4 meat rations
 A - 4 fruits


   Skills:
 + Level 2.6 Fighting
 + Level 3.0 Maces & Flails
 + Level 0.0 Throwing
 + Level 0.0 Armour
 + Level 3.2 Dodging
 - Level 2.4 Stealth
 + Level 0.0 Unarmed Combat


You couldn't memorise any spells.
You didn't know any spells.

Dungeon Overview and Level Annotations

Branches:
Dungeon (15/15)            Depths (5/5) D:15            Zot (5/5) Depths:5
 Temple: D:1-2         Lair: D:8-11         Orc: D:9-12      Vaults: D:13-14

Altars:
Dithmenos
Hepliaklqana
Makhleb
Trog
Uskayaw
The Shining One

Shops:
D:4 }   Depths:5 !

Portals:
Hell: Depths:5
Abyss: Depths:1
Ziggurat: Depths:3


Innate Abilities, Weirdness & Mutations

You are resistant to damage.
You can recharge devices by infusing magical energy.
You passively map a small area around you.
You do not regenerate naturally.
You are dopey. (Int -2)
Your flesh is heat resistant. (rF+)


Message History

Trog accepts your kill.
This wand has 7 charges left.
Unknown command.
Your skin stops crawling.
You feel less resistant to hostile enchantments.
A gnoll comes into view. It is wielding a club.
Your skin crawls.
You feel resistant to hostile enchantments. 2 gnolls come into view.
A gnoll is wielding a whip of venom.
A gnoll comes into view.
The gnoll barely misses you. 2 gnolls come into view.
A gnoll comes into view. It is wielding a flail.
The sentinel's mark upon you fades away.
You feel the effects of Trog's Hand fading.
Your skin stops crawling.
You feel less resistant to hostile enchantments.
There is a staircase leading out of the dungeon here.
The gnoll barely misses you.
You have escaped!

#.#####..# #g###
*..# #...# ..#
#...## ...
.....############
.#.....g..ggg...##
....gg.≈§≈≈§§g...#
......≈≈≈≈≈§§....#
......≈≈$>?§§.gg@#
.#....≈§§§§§§....#
.......≈§≈§≈.....#
.........§.§....##
#....############
#...##* * *,, *
#...# * ##### , ,
,, ,,, ,


You could see 6 gnolls.

Vanquished Creatures
  3 gnoll sergeants
  7 gnoll shamans
  280 gnolls
  The ghost of Implojin the Vandal, a weakling SpHu of Okawaru (D:4)
291 creatures vanquished.

Vanquished Creatures (collateral kills)
  Grum (Zot:5)
  A gnoll (Zot:5)
2 creatures vanquished.

Grand Total: 293 creatures vanquished

Notes
Turn   | Place    | Note
-------+----------+-------------------------------------------
     0 | D:1      | Sphara the Deep Dwarf Monk began the quest for the Orb.
     0 | D:1      | Reached XP level 1. HP: 20/20 MP: 1/1
   132 | D:1      | HP: 1/20 [gnoll/whip (6)]
   369 | D:3      | Found a bloodstained altar of Trog.
   376 | D:3      | Became a worshipper of Trog the Wrathful
   376 | D:3      | Reached * piety under Trog
   376 | D:3      | Reached ** piety under Trog
  1436 | D:3      | Found a hazy altar of Hepliaklqana.
  1675 | D:4      | Found Kocitenn's Gadget Shoppe.
  1900 | D:4      | Noticed Implojin's ghost (weakling SpHu)
  1908 | D:4      | Killed Implojin's ghost
  2003 | D:5      | Entered Level 5 of the Dungeon
  2076 | D:5      | Found a glowing golden altar of the Shining One.
  2293 | D:6      | Found a shadowy altar of Dithmenos.
  2336 | D:5      | Found a burning altar of Makhleb.
  2563 | D:6      | Gained mutation: You are dopey. (Int -2) [potion of mutation]
  2563 | D:6      | Gained mutation: Your flesh is heat resistant. (rF+) [potion of mutation]
  3366 | D:7      | Found a hide-covered altar of Uskayaw.
  5031 | D:10     | Entered Level 10 of the Dungeon
  5547 | D:12     | Found a frozen archway.
  5556 | IceCv    | Entered an ice cave
  6530 | D:15     | Entered Level 15 of the Dungeon
  6840 | D:15     | Identified a scroll of acquirement
  6843 | D:15     | Got a bloodstained rapier
  6844 | D:15     | Identified the +1 rapier "Tozo" {freeze, rF+ Dex+4} (You acquired it on level 15 of the Dungeon)
  7916 | D:15     | Found a staircase to the Depths.
  7924 | Depths:1 | Entered Level 1 of the Depths
  7924 | Depths:1 | Found a one-way gate to the infinite horrors of the Abyss.
  8036 | Depths:1 | Reached *** piety under Trog
  8942 | Depths:3 | Found a gateway to a ziggurat.
  9566 | Depths:5 | Entered Level 5 of the Depths
  9570 | Depths:5 | Found Siutzidd's Distillery.
  9582 | Depths:5 | Bought a potion of curing for 63 gold pieces
  9914 | Depths:5 | Found a gateway to Hell.
  9971 | Depths:5 | Found a gate to the Realm of Zot.
  9977 | Zot:1    | Entered Level 1 of the Realm of Zot
  9993 | Zot:2    | Noticed a gnoll shaman
  9999 | Zot:2    | Killed a gnoll shaman
 10201 | Zot:2    | Noticed a gnoll sergeant
 10718 | Zot:3    | Reached **** piety under Trog
 10946 | Zot:5    | Entered Level 5 of the Realm of Zot
 11357 | Zot:5    | Noticed a gnoll sergeant
 11366 | Zot:5    | Killed a gnoll sergeant
 11478 | Zot:5    | Noticed Grum
 11486 | Zot:5    | Killed Grum
 11745 | Zot:5    | Noticed a gnoll shaman
 11755 | Zot:5    | Killed a gnoll shaman
 11853 | Zot:5    | Noticed a gnoll shaman
 12110 | Zot:5    | Killed a gnoll shaman
 12187 | Zot:5    | Noticed a gnoll sergeant
 12367 | Zot:5    | Killed a gnoll sergeant
 12522 | Zot:5    | Noticed a gnoll shaman
 12529 | Zot:5    | Killed a gnoll shaman
 12551 | Zot:5    | Got the Orb of Zot
 12755 | Zot:3    | Noticed a gnoll shaman
 12760 | Zot:3    | Killed a gnoll shaman
 12801 | Zot:1    | Noticed a gnoll sergeant
 12977 | Depths:3 | Noticed a gnoll sergeant
 12982 | Depths:3 | Killed a gnoll sergeant
 13007 | Depths:3 | Received a gift from Trog
 13024 | Depths:3 | Noticed a gnoll shaman
 13031 | Depths:3 | Killed a gnoll shaman
 13147 | Depths:1 | Noticed a gnoll shaman
 13157 | Depths:1 | Killed a gnoll shaman
 13377 | D:12     | Noticed a gnoll sergeant
 13712 | D:$      | Escaped with the Orb!

Vault maps used:
D:1:      lemuel_arrival_lava_pool, minivault_25, st_stairs_13,
          wad_floor_pattern_untrapped
D:2:      first_bread, serial_forest, infiniplex_forest_zigzag_1,
          infiniplex_forest_end_2, infiniplex_forest_straight_4,
          infiniplex_forest_lined_4_way, minmay_cupped
D:3:      trog_eyes_of_draining, nicolae_overflow_hidden_temple,
          minmay_misc_feat_alley
D:4:      old_standard_altar, serial_shops, shop_statue, shop_statue,
          eino_small_chamber_without_monster, tso_altar
D:5:      kennysheep_mini, basic_altar
D:6:      nicolae_dithmenos_shadow_blocks, serial_shops,
          nicolae_shop_behind_doors
D:7:      old_standard_altar, hangedman_decor_clover_reticule
D:8:      minmay_overflow_temple_star_hex
D:9:      grunt_temple_overflow_growth_and_decay, marbit_many_paths
D:11:     lair_0_dummy, basic_altar, serial_shops, nicolae_shop_waterfront,
          shop_fountains, shop, hangedman_ranch, minmay_misc_feat_nine_boxes
D:12:     hiddenorc1_lemuel, portal_ice_cave_entry_pillars_1
D:13:     david_vaults_4, serial_shops, shop, minivault_1
D:14:     evilmike_diamond_1
D:15:     gammafunk_enter_depths_forms, grunt_decor_arrowhead,
          elves_outpost_lemuel
Depths:1: abyss_entry, pf_coc_iceberg, minivault_14, ice2_lemuel
Depths:2: kennysheep_funnel, minmay_misc_feat_hallway,
          grunt_hell_entry_dis_grunt, dk_noncrumbling_4, kennysheep_nondescript
Depths:3: minmay_connected_boxes_in_corner, enter_ziggurat_f,
          rand_demon_pan_entry_3, hangedman_geh_valley, corexii_hall_statues_u,
          infiniplex_staircase_door_maze
Depths:4: cheibrodos_lost_city_excavation, minmay_misc_feat_room,
          grunt_pan_entry_zigzag, abyss_entry, hell_entry, enter_trove_5,
          infiniplex_staircase_hallway_doors
Depths:5: evilmike_zot_entry_hall, grunt_decor_cap, hell_entry, serial_shops,
          shop_fountains, infiniplex_staircase_pool_lava
Zot:1:    kennysheep_spiral_hall
Zot:4:    st_single_dragon_hoard_1, hangedman_spider_trapstep
IceCv:    ice_cave_small_necro

Action                   || total
-------------------------++-------
Melee: Flail             ||   733
       Mace              ||    47
Throw: Javelin           ||     2
Invok: Berserk           ||   139
       Trog's Hand       ||    52
       Burn Spellbooks   ||     1
       Brothers in Arms  ||     1
 Abil: Device Recharging ||     1
Evoke: Wand              ||    29
       Rod               ||     7
  Use: Scroll            ||    24
       Potion            ||     7
 Stab: Sleeping          ||     6
  Eat: Beef jerky        ||     2
       Bread ration      ||     1
Armor: Ring mail         ||   201
       Robe              ||    13
Dodge: Dodged            ||   469
